 Dungeon Crawl Stone Soup version 0.30-a0-879-ga8ba668304 (webtiles) character file.

Game seed: 11459022027778338794

97 Gerhazo the Ducker (level 5, -1/37 HPs)
             Began as a Djinni Hedge Wizard on Mar 13, 2023.
             Slain by an orc
             ... wielding a +1 mace of draining
              (5 damage)
             ... on level 3 of the Dungeon.
             The game lasted 00:02:57 (2013 turns).

Gerhazo the Ducker (Djinni Hedge Wizard)            Turns: 2013, Time: 00:02:57

Health: -1/37      AC:  2    Str:  9    XL:     5   Next: 0%
Gold:   52         EV: 13    Int: 17    God:
                   SH:  0    Dex: 13

rFire   + + +      SeeInvis .    a - +0 dagger
rCold   . . .      Faith    .    (no shield)
rNeg    . . .      Spirit   .    b - +0 robe
rPois   ∞          Reflect  .    c - +0 hat
rElec   .          Rampage  .    m - scarf {rC+ rF+}
rCorr   .                        (no gloves)
Will    .....                    (boots unavailable)
Stlth   ++                       (no amulet)
HPRegen 0.26/turn                (no ring)
MPRegen 0.00/turn                (no ring)

@: flying, very slightly contaminated
A: sickness immunity, fire resistance 2, cold vulnerability 1, float, innate
caster, HP casting, extra vitality 1
a: no special abilities


You were on level 3 of the Dungeon.
You visited 1 branch of the dungeon, and saw 4 of its levels.

You collected 88 gold pieces.
You spent 36 gold pieces at shops.

Inventory:

Hand Weapons
 a - a +0 dagger (weapon)
Armour
 b - a +0 robe (worn)
 c - a +0 hat (worn)
 m - a scarf of resistance (worn)
Scrolls
 d - 6 scrolls of identify {unknown}
 f - 2 scrolls of brand weapon {unknown}
 h - a scroll of poison {unknown}
 i - a scroll of vulnerability {unknown}
 j - a scroll of teleportation {unknown}
 k - a scroll of enchant armour {unknown}
Potions
 e - a potion of haste {unknown}
 g - a potion of cancellation {unknown}
 l - a potion of resistance {unknown}
 n - a potion of flight {unknown}
 o - a potion of curing


   Skills:
 + Level 1.0 Fighting
 + Level 3.3 Dodging
 + Level 2.6 Stealth
 + Level 3.0 Spellcasting


You knew the following spells:

 Your Spells              Type           Power      Damage    Failure   Level
a - Magic Dart            Conj           48%        1d5       4%          1
b - Slow                  Hex            48%        N/A       4%          1
c - Blink                 Tloc           24%        N/A       8%          2
d - Call Imp              Summ           12%        N/A       8%          2
e - Mephitic Cloud        Conj/Pois/Air  12%        N/A       16%         3
f - Kiss of Death         Conj/Necr      48%        2d9       4%          1
g - Momentum Strike       Conj/Tloc      24%        3d8       8%          2
Your spell library was empty.

Dungeon Overview and Level Annotations

Branches:
Dungeon (4/15)
 Temple: D:4-7

Altars:

Shops:
D:2 *


Innate Abilities, Weirdness & Mutations

You are immune to sickness and miasma.
You are immune to poison.
Your flesh is very heat resistant. (rF++)
You are vulnerable to cold. (rC-)
You float through the air rather than walking.
You learn spells naturally, not from books.
Your magical power is your life essence.
You have superior vitality. (+4 MHP)


Message History

The power to cast Momentum Strike wells up from within.
Spell assigned to 'g'.
d - 6 scrolls labelled YVUCETSU ATIEF (gained 1)
There are no items here.
You swap places.
Your shadow imp disappears in a puff of smoke!
An orc comes into view. It is wielding a +1 mace of draining.
The magic dart hits the orc but does no damage.
The orc shouts!
The magic dart hits the orc but does no damage.
The magic dart hits the orc.
The orc is lightly wounded.
An orc priest comes into view. It is wielding a +0 short sword.
The magic dart hits the orc.
The orc is heavily wounded.
The orc priest shouts!
The orc priest calls down the wrath of Beogh upon you.
Beogh smites you!
An orc priest comes into view. It is wielding a +0 trident.
You miscast Magic Dart.
You are very lightly contaminated with residual magic.
Nothing appears to happen.
The orc priest shouts!
You hear a shout!
A rat comes into view.
The magic dart hits the orc.
The orc is almost dead.
The orc priest mumbles some strange prayers to Beogh against you.
Beogh smites you!
* * * LOW HITPOINT WARNING * * *
The orc hits you but does no damage.
An orc comes into view. It is wielding a +0 flail.
The orc attacks as you move away!
The orc hits you with a +1 mace of draining.
* * * LOW HITPOINT WARNING * * *
The orc attacks as you move away!
The orc hits you with a +1 mace of draining.
* * * LOW HITPOINT WARNING * * *
The orc attacks as you move away!
The orc hits you with a +1 mace of draining.
You die...

#..........##......<..
#####.##.#..##########
#....##.## ###...#..#
. ##.....## .o..######
##..#..# ..oo.....#
##..(.###
..######o######.....##
#.@.......)...#####
#########........##
#.....##...
##.##...... #.##....#.
#.##..###.
#####.........
#####............#
......###.#.......


You could see an orc.

Vanquished Creatures
  2 adders
  A gnoll (D:1)
  2 worms
  A dart slug (D:1)
  An orc (D:3)
  4 ball pythons
  3 endoplasms
  4 giant cockroaches
  3 goblins
  7 hobgoblins
  A quokka (D:1)
  4 bats
  4 frilled lizards
  8 kobolds
  3 rats
48 creatures vanquished.

Vanquished Creatures (collateral kills)
  A worm (D:2)
  An orc (D:3)
  A quokka (D:1)
  A frilled lizard (D:3)
  2 kobolds (D:1)
6 creatures vanquished.

Vanquished Creatures (others)
  8 plants (D:1)
8 creatures vanquished.

Grand Total: 62 creatures vanquished

Notes
Turn   | Place    | Note
-------+----------+-------------------------------------------
     0 | D:1      | Gerhazo the Djinni Hedge Wizard began the quest for the
                  | Orb.
     0 | D:1      | Gerhazo set off with the following spells memorised: Magic
                  | Dart, Slow, Blink, Call Imp, Mephitic Cloud.
     0 | D:1      | Reached XP level 1. HP: 15/15 MP: 0/0
   289 | D:1      | Reached XP level 2. HP: 19/21 MP: 0/0
   429 | D:1      | Reached XP level 3. HP: 24/25 MP: 0/0
   429 | D:1      | Learned a level 1 spell: Kiss of Death
  1042 | D:2      | Reached XP level 4. HP: 26/31 MP: 0/0
  1524 | D:2      | Found Deqaog's General Store.
  1533 | D:2      | Bought a potion of curing for 36 gold pieces
  1691 | D:4      | Noticed a black bear
  1958 | D:3      | Reached skill level 1 in Fighting
  1980 | D:3      | Reached XP level 5. HP: 36/37 MP: 0/0
  1980 | D:3      | Learned a level 2 spell: Momentum Strike
  2013 | D:3      | Slain by an orc

Illustrated notes

Levels and vault maps discovered:
D:1:      nagdon_arrival_double_spiral, layout_loops_ring,
          chequers_serial_rivers_micro_a, lexackson_kobold_supper
D:2:      layout_basic, serial_shops, shop_statue, grunt_ministairs_12,
          minmay_heptomino_w4
D:3:      layout_rooms
D:4:      layout_basic, lemuel_tele_altar, minmay_misc_feat_x

Skill      XL: |  1  2  3  4 |
---------------+-------------+-----
Stealth        | 2 |  2.6
Dodging        | 3 |  3.3
Spellcasting   | 3 |  3.0
Fighting       | 1 |  1.0

Action                     |  1- 3 |  4- 6 || total
---------------------------+-------+-------++-------
  Melee: Dagger            |       |     4 ||     4
   Cast: Magic Dart        |    85 |    69 ||   154
         Call Imp          |     3 |     8 ||    11
         Mephitic Cloud    |       |     1 ||     1
 Armour: Robe              |     6 |     9 ||    15
  Dodge: Dodged            |    14 |    21 ||    35

Table legend: (Time is in decaauts)
 A = Elapsed time spent in this place.
 B = Non-inter-level travel time spent in this place.
 C = Inter-level travel time spent in this place.
 D = Time resting spent in this place.
 E = Time spent auto-exploring this place.
 F = Levels seen in this place.
 G = Mean time per level.
                   A        B        C        D        E       F      G
               +--------+--------+--------+--------+--------+-----+--------+
         Total |   2012 |   1980 |     32 |    139 |   1365 |   4 |  503.0 |
       Dungeon |   2012 |   1980 |     32 |    139 |   1365 |   4 |  503.0 |
               +--------+--------+--------+--------+--------+-----+--------+

Top non-repeatable levels by time:
     D:1: 1012 daAuts
     D:2: 535 daAuts
     D:3: 463 daAuts
     D:4: 1 daAuts
